 Dungeon Crawl Stone Soup version 0.20-a0-1025-g4706f7e (webtiles) character file.

1019 PlanetX the Destroyer (level 8, -1/57 HPs)
             Began as a Black Draconian Conjurer on Apr 20, 2017.
             Was an Initiate of Vehumet.
             Slain by a wight
             ... wielding a +4 falchion
              (9 damage)
             ... on level 6 of the Dungeon.
             The game lasted 00:21:20 (7162 turns).

PlanetX the Destroyer (Black Draconian Conjurer)    Turns: 7162, Time: 00:21:20

Health: -1/57      AC:  8    Str: 12    XL:     8   Next: 2%
Magic:  1/15       EV: 12    Int: 23    God:    Vehumet [......]
Gold:   281        SH:  0    Dex: 11    Spells: 10/17 levels left

rFire    + . .     SeeInvis .   p - +3 halberd (freeze)
rCold    + . .     Gourm    .   (shield currently unavailable)
rNeg     . . .     Faith    .   (armour unavailable)
rPois    .         Spirit   .   (helmet restricted)
rElec    +         Reflect  .   h - +1 cloak
rCorr    .         Harm     .   (no gloves)
MR       .....                  (no boots)
Stlth    ++........             (no amulet)
Regen    0.2/turn               l - ring "Nado" {rF+ Int+6}
MPRegen  0.2/turn               q - ring of protection from cold

@: hasted, drained, very quick
A: breathe lightning, unfitting armour, electricity resistance, cold-blooded, AC
+6
a: Breathe Lightning, Renounce Religion


You were on level 6 of the Dungeon.
You worshipped Vehumet.
Vehumet was noncommittal.
You were hungry.

You visited 1 branch of the dungeon, and saw 6 of its levels.
You also visited: Ossuary.

You collected 281 gold pieces.

Inventory:

Hand Weapons
 p - a +3 halberd of freezing (weapon)
Armour
 h - a +1 cloak (worn)
 i - a +2 buckler
Jewellery
 j - an uncursed ring of fire
 l - the ring "Nado" (left hand) {rF+ Int+6}
   (You found it on level 4 of the Dungeon)

   [ring of protection from fire]

   It affects your intelligence (+6).
   It protects you from fire.
 q - a ring of protection from cold (right hand)
Wands
 d - a wand of iceblast (0/15)
Scrolls
 c - a scroll of identify
 k - 7 scrolls of remove curse
Potions
 m - a potion of curing
 o - 2 potions of flight
Books
 a - a book of Conjurations

   Spells                             Type                      Level
   a - Magic Dart                     Conjuration                  1
   b - Searing Ray                    Conjuration                  2
   c - Dazzling Spray                 Conjuration/Hexes            3
   d - Fulminant Prism                Conjuration/Hexes            4
   e - Force Lance                    Conjuration/Translocation    4
   f - Iskenderun's Mystic Blast      Conjuration                  4
Comestibles
 b - 3 bread rations
 f - a royal jelly
 g - 4 meat rations
 n - 9 fruits


   Skills:
 - Level 1.7(1.5) Dodging
 - Level 1.7(1.5) Stealth
 - Level 1.2(1.0) Shields
 + Level 5.1(4.9) Spellcasting
 * Level 8.6(8.4) Conjurations


You had 10 spell levels left.
You knew the following spells:

 Your Spells              Type           Power        Failure   Level  Hunger
a - Magic Dart            Conj           ####         1%          1    None
b - Searing Ray           Conj           #####.       1%          2    None
c - Iskenderun's Mystic   Conj           #####...     3%          4    ####...


Dungeon Overview and Level Annotations

Branches:
Dungeon (6/15)
 Temple: D:4-7

Altars:
Ashenzari
Dithmenos
Elyvilon
Hepliaklqana
Nemelex Xobeh
Qazlal
Trog
Uskayaw
Vehumet
Wu Jian
Yredelemnul
The Shining One

Annotations:
D:3 1 runed door


Innate Abilities, Weirdness & Mutations

You can breathe wild blasts of lightning.
Your glossy black scales are hard. (AC +6)
You cannot fit into any form of body armour.
You are resistant to electric shocks. (rElec)
You are cold-blooded and may be slowed by cold attacks.


Message History

The shadow imp shouts, "Fly, thou churlish weevil-witted flax-wench!"
You block the wight's attack. The orc closely misses you.
The goblin unwields an uncursed hunting sling.
The goblin hits you but does no damage.
You continue taking off your +2 buckler.
You finish taking off your +2 buckler.
Wield which item (- for none, * to show all)? (? for menu, Esc to quit)
Your +3 halberd of freezing glows with a cold blue light!
p - a +3 halberd of freezing (weapon)
The orc misses you.
The wight hits you with an enchanted falchion!
* * * LOW HITPOINT WARNING * * *
Unknown command.
You closely miss the wight.
The wight is moderately damaged.
The goblin hits you but does no damage. The orc hits you but does no damage.
You closely miss the wight.
The wight is moderately damaged.
The wight hits you with an enchanted falchion!
You die...

# ####.....#
#
####.....g###
# ..........#
# ###...g..#
# #........#
###
....#......#
..#
...###...###
#)# ##o#5g.#
..# #@zg##.#
### ##g##....
### ...## ###


You could see a wight, a shadow imp, an orc and 3 goblins.

Vanquished Creatures
  A bullfrog (D:5)
  2 scorpions
  2 wights (D:6)
  2 electric eels (D:6)
  A howler monkey (D:4)
  A crimson imp (D:5)
  A bullfrog zombie (D:5)
  2 hounds
  A bullfrog skeleton (D:4)
  A centaur skeleton (D:5)
  2 orc priests
  4 orc wizards
  2 worker ants (D:5)
  2 hound skeletons
  3 mummies (Ossuary)
  2 worker ant zombies (D:3)
  7 adders
  An adder zombie (D:3)
  An adder skeleton (D:3)
  2 worms
  4 dart slugs
  2 leopard geckos
  20 orcs
  5 bats
  4 giant cockroaches
  5 goblins
  6 hobgoblins
  3 jackals (D:3)
  2 ball pythons
  3 frilled lizards
  4 kobolds
  A leopard gecko skeleton (D:3)
  2 leopard gecko zombies (Ossuary)
  6 rats
107 creatures vanquished.

Vanquished Creatures (others)
  An orc (D:6)
  2 withered plants (Ossuary)
3 creatures vanquished.

Grand Total: 110 creatures vanquished

Notes
Turn   | Place    | Note
-------+----------+-------------------------------------------
     0 | D:1      | PlanetX the Draconian Conjurer began the quest for the Orb.
     0 | D:1      | Reached XP level 1. HP: 14/14 MP: 3/3
   348 | D:1      | Reached XP level 2. HP: 12/20 MP: 0/5
   535 | D:1      | Learned a level 2 spell: Searing Ray
  1618 | D:2      | Reached XP level 3. HP: 25/26 MP: 2/6
  2419 | D:3      | Reached skill level 5 in Conjurations
  2711 | D:3      | Reached XP level 4. HP: 33/33 MP: 5/8
  3295 | D:3      | Found a white marble altar of Elyvilon.
  3296 | D:3      | Found a runed door.
  3296 | D:3      | Noticed an angel
  3476 | D:3      | Reached XP level 5. HP: 35/38 MP: 2/9
  3548 | D:3      | Learned a level 4 spell: Iskenderun's Mystic Blast
  4258 | D:4      | Reached skill level 6 in Conjurations
  4335 | D:4      | Reached skill level 1 in Shields
  4708 | D:4      | Reached XP level 6. HP: 41/45 MP: 2/11
  4855 | D:4      | Got a steaming bone ring
  4894 | D:4      | Identified the ring "Nado" {rF+ Int+6} (You found it on level 4 of the Dungeon)
  5257 | D:5      | Entered Level 5 of the Dungeon
  5305 | D:5      | Found a sparkling altar of Nemelex Xobeh.
  5308 | D:5      | Found a bloodstained altar of Trog.
  5585 | D:5      | Reached skill level 7 in Conjurations
  5797 | D:5      | Your scales start taking on a glossy black colour.
  5797 | D:5      | Reached XP level 7. HP: 50/50 MP: 10/13
  5797 | D:5      | Gained mutation: You are resistant to electric shocks. (rElec) [Black Draconian growth]
  6275 | D:5      | Found an ornate altar of the Wu Jian Council.
  6279 | D:5      | Found a stormy altar of Qazlal.
  6281 | D:5      | Found a hide-covered altar of Uskayaw.
  6281 | D:5      | Found a hazy altar of Hepliaklqana.
  6281 | D:5      | Found a shattered altar of Ashenzari.
  6282 | D:5      | Found a radiant altar of Vehumet.
  6283 | D:5      | Found a shadowy altar of Dithmenos.
  6286 | D:5      | Found a basalt altar of Yredelemnul.
  6287 | D:5      | Found a white marble altar of Elyvilon.
  6288 | D:5      | Found a glowing golden altar of the Shining One.
  6292 | D:5      | Became a worshipper of Vehumet
  6666 | D:6      | Reached skill level 8 in Conjurations
  7071 | D:6      | Found a sand-covered staircase.
  7075 | Ossuary  | Entered an ossuary
  7126 | Ossuary  | Reached skill level 5 in Spellcasting
  7135 | Ossuary  | Reached XP level 8. HP: 22/57 MP: 2/15
  7162 | D:6      | Slain by a wight

Vault maps used:
D:1:      dpeg_arrival_three_bigger_balls, roderic_lattice_a
D:3:      wad_lake_hut, serial_undead, serial_undead_a, serial_undead_e,
          serial_undead_b, serial_undead_a, lemuel_angel_altar
D:5:      minitemple, first_bread
D:6:      minmay_goblin_kobold_castle, enter_ossuary_5, hangedman_decor_points,
          minmay_misc_feat_encased, corner_web_ring, uniq_pikel
Ossuary:  ossuary_zaba_flooded

Skill      XL: |  1  2  3  4  5  6  7 |
---------------+----------------------+-----
Conjurations   | 5 6 7 8 |  8.6
Spellcasting   | 3 4 5 |  5.1
Shields        | 1 |  1.2
Dodging        | |  1.7
Stealth        | |  1.7

Action                   |  1- 3 |  4- 6 |  7- 9 || total
-------------------------+-------+-------+-------++-------
Melee: Unarmed           |    22 |    73 |    13 ||   108
       Tailslap          |     3 |    12 |     1 ||    16
       Halberd           |       |       |     2 ||     2
 Cast: Magic Dart        |    70 |   105 |    62 ||   237
       Searing Ray       |     5 |    10 |     8 ||    23
       Iskenderun's Myst |       |    11 |     4 ||    15
Evoke: Wand              |       |       |     2 ||     2
  Use: Potion            |     5 |     2 |     5 ||    12
       Scroll            |     3 |     4 |       ||     7
 Stab: Sleeping          |       |     2 |       ||     2
  Eat: Chunk             |     7 |     8 |     4 ||    19
       Royal jelly       |       |     2 |       ||     2
Armor: Skin              |     7 |    55 |    22 ||    84
Dodge: Dodged            |    23 |    86 |    38 ||   147
Block: Buckler           |       |     4 |    15 ||    19
